AoeStats
← Auden

Arabia

505076228Analyzed
4v4 RM · 25d ago on Sep 7, 2026· 72m 49s· 8 players
Game mode
Random Map
Map size
Large (8 player)
Population
200
Speed
Normal
Resources
Standard
Victory
Conquest
Starting age
Dark Age
Ending age
Imperial Age
RankedLock teamsTeams togetherTeam positionsShared explorationLock speedFull tech treeHidden civsTurbo modeCheats
Victory
Defeat
🇨🇦 Chinese · Canada
1106
+16
🇬🇧 Dravidians · United Kingdom
1045
+57
🇧🇬 Burmese · Bulgaria
1036
+19
🇹🇷 Berbers · Türkiye
994
+22
🇫🇷 Shu · France
1131
-20
🇫🇷 Koreans · France
1127
-20
🇫🇷 Goths · France
1097
-18
🇫🇷 Cumans · France
1079
-18
K9N
7:04 Loom
8:59 Feudal Age
9:47 Double-Bit Axe
13:53 Fletching
17:15 Padded Archer Armor
17:11 Horse Collar
22:03 Castle Age
20:55 Gold Mining
22:04 Crossbowman
22:39 Bodkin Arrow
24:51 Wheelbarrow
24:27 Bow Saw
27:42 Stone Mining
29:09 Thumb Ring
30:14 Hand Cart
30:56 Ballistics
35:47 Imperial Age
36:25 Leather Archer Armor
36:37 Bracer
37:41 Chemistry
36:53 Masonry
36:23 Arbalester
39:28 Two-Man Saw
38:29 Heavy Plow
38:34 Town Watch
39:07 Leather Archer Armor
39:41 Husbandry
43:31 Bombard Tower
42:54 Elite Elephant Archer
44:29 Scale Mail Armor
46:25 Medical Corps
48:09 Forging
48:14 Chain Mail Armor
49:38 Ring Archer Armor
49:42 Coinage
50:55 Conscription
51:12 Hoardings
51:43 Banking
52:55 Plate Mail Armor
53:00 Iron Casting
54:55 Murder Holes
54:46 Arrowslits
54:51 Guard Tower
64:39 Siege Elephant
69:12 Scale Barding Armor
70:29 Chain Barding Armor
71:10 Blast Furnace
70:52 Caravan
70:27 Light Cavalry
ertk
1:28 Loom
12:27 Feudal Age
17:11 Castle Age
15:22 Double-Bit Axe
16:35 Horse Collar
22:33 Bow Saw
22:42 Heavy Plow
30:01 Wheelbarrow
31:58 Imperial Age
29:14 Pikeman
29:55 Squires
33:47 Elite Camel Archer
34:56 Heavy Camel Rider
35:37 Husbandry
35:48 Bloodlines
36:28 Scale Barding Armor
36:24 Padded Archer Armor
36:15 Fletching
36:35 Forging
36:26 Scale Mail Armor
36:54 Heavy Camel Rider
37:35 Husbandry
37:45 Bloodlines
38:50 Gold Mining
38:51 Stone Mining
40:35 Iron Casting
39:52 Elite Skirmisher
40:46 Thumb Ring
40:26 Elite Genitour
41:43 Leather Archer Armor
41:24 Bodkin Arrow
41:50 Chain Barding Armor
41:14 Man-at-Arms
41:55 Heavy Cavalry Archer
43:14 Long Swordsman
44:56 Two-Handed Swordsman
45:48 Champion
49:03 Ring Archer Armor
49:14 Hand Cart
52:44 Caravan
54:09 Crop Rotation
55:59 Plate Barding Armor
55:40 Chain Mail Armor
56:25 Blast Furnace
55:26 Bracer
55:19 Town Watch
56:01 Maghrebi Camels
56:23 Conscription
59:20 Heavy Scorpion
65:05 Plate Mail Armor
69:06 Capped Ram
71:43 Ballistics
72:54 Chemistry
FAILEDFEMBOY
11:01 Loom
12:50 Feudal Age
14:52 Loom
19:25 Castle Age
18:12 Padded Archer Armor
19:07 Fletching
19:34 Horse Collar
26:35 Wheelbarrow
28:00 Squires
28:24 Bodkin Arrow
33:52 Hand Cart
36:23 Heavy Plow
39:06 Light Cavalry
39:57 Bloodlines
39:47 Husbandry
42:46 Manipur Cavalry
46:32 Imperial Age
45:08 Scale Mail Armor
45:19 Forging
45:16 Scale Barding Armor
47:43 Iron Casting
49:05 Crop Rotation
49:20 Conscription
53:22 Elite Skirmisher
54:10 Bracer
55:20 Hussar
58:06 Elite Battle Elephant
66:24 Chain Mail Armor
67:10 Chain Barding Armor
Burger Meister
0:34 Loom
13:07 Feudal Age
17:40 Castle Age
16:05 Double-Bit Axe
16:34 Horse Collar
16:54 Stone Mining
17:55 Town Watch
19:27 Wheelbarrow
19:32 Bow Saw
22:38 Stone Shaft Mining
22:20 Fletching
22:51 Gold Mining
23:52 Hand Cart
34:03 Imperial Age
34:00 Gold Shaft Mining
33:40 Forging
33:30 Scale Mail Armor
33:39 Scale Barding Armor
33:53 Forging
34:10 Scale Mail Armor
34:08 Bodkin Arrow
34:05 Light Cavalry
34:56 Bloodlines
39:09 Iron Casting
38:55 Chain Barding Armor
Auden
8:04 Loom
11:16 Feudal Age
11:57 Double-Bit Axe
14:01 Fletching
14:59 Horse Collar
21:14 Castle Age
19:42 Padded Archer Armor
21:07 Forging
22:23 Wheelbarrow
21:19 Crossbowman
22:05 Thumb Ring
22:21 Leather Archer Armor
22:06 Bodkin Arrow
23:17 Leather Archer Armor
30:32 Heated Shot
31:37 Hand Cart
32:40 Town Watch
33:20 Pikeman
35:28 Bow Saw
39:24 Imperial Age
38:16 Town Patrol
39:41 Arbalester
40:44 Bracer
41:15 Ring Archer Armor
41:57 Squires
41:17 Halberdier
41:26 Elite Skirmisher
46:34 Ballistics
47:15 Chemistry
48:23 Gambesons
47:59 Man-at-Arms
57:32 Long Swordsman
60:24 Husbandry
59:53 Heavy Hei Guang Cavalry
62:26 Light Cavalry
BagroZob
0:28 Loom
10:13 Feudal Age
10:44 Double-Bit Axe
18:28 Castle Age
16:58 Scale Mail Armor
17:28 Man-at-Arms
18:24 Forging
18:22 Horse Collar
19:35 Squires
22:17 Bow Saw
23:12 Chain Mail Armor
23:46 Fletching
25:36 Pikeman
25:41 Long Swordsman
29:12 Anarchy
32:41 Iron Casting
39:01 Imperial Age
40:45 Perfusion
42:35 Halberdier
45:13 Blast Furnace
48:21 Two-Handed Swordsman
51:38 Wheelbarrow
50:49 Town Watch
51:25 Champion
54:18 Elite Huskarl
La Trelle
8:51 Loom
10:37 Feudal Age
11:42 Double-Bit Axe
11:48 Horse Collar
21:26 Castle Age
20:31 Wheelbarrow
19:42 Town Watch
20:30 Forging
20:31 Gold Mining
21:06 Scale Barding Armor
21:23 Bloodlines
25:09 Chain Barding Armor
34:03 Hand Cart
38:03 Imperial Age
36:22 Iron Casting
37:40 Gold Shaft Mining
37:26 Heavy Plow
37:42 Bow Saw
37:36 Stone Mining
38:15 Steppe Husbandry
38:28 Steppe Husbandry
38:27 Elite Steppe Lancer
41:36 Blast Furnace
43:21 Plate Barding Armor
51:15 Elite Skirmisher
53:18 Fletching
53:29 Padded Archer Armor
53:41 Thumb Ring
53:56 Bodkin Arrow
55:36 Leather Archer Armor
57:51 Chemistry
66:39 Masonry
70:45 Ballistics
Karnevil
7:27 Loom
10:22 Feudal Age
11:21 Double-Bit Axe
15:10 Fletching
30:05 Castle Age
28:40 Scale Mail Armor
30:13 Forging
30:19 Crossbowman
31:16 Bodkin Arrow
31:00 Pikeman
38:39 Thumb Ring
40:50 Horse Collar
45:33 Imperial Age
45:40 Bow Saw
50:33 Two-Man Saw
49:19 Elite Skirmisher
50:40 Conscription
51:38 Wheelbarrow
51:05 Bracer
52:27 Chemistry
51:48 Ballistics
54:37 Treadmill Crane
59:08 Arbalester
62:25 Squires
64:12 Chain Mail Armor
70:29 Hand Cart
Connection lost

Rejoining the realm…

Still unreachable

The connection could not be restored.

Session expired

The server has moved on; the page needs a fresh start.